 Dungeon Crawl Stone Soup version 0.29.0-11-gd7f09526c8 (webtiles) character file.

Game seed: 9089298413570701424

1379 Arcadio the Trooper (level 8, -7/66 (69) HPs)
             Began as a Palentonga Fighter on Sept 4, 2022.
             Was a Believer of Zin.
             Mangled by a wight
             ... wielding a +4 halberd
              (10 damage)
             ... on level 6 of the Dungeon.
             The game lasted 00:11:20 (5987 turns).

Arcadio the Trooper (Palentonga Fighter)            Turns: 5987, Time: 00:11:20

HP:   -7/66 (69)    AC: 19    Str: 24    XL:     8   Next: 39%
MP:   8/8           EV:  6    Int: 11    God:    Zin [**....]
Gold: 308           SH: 10    Dex: 10    Spells: 7/7 levels left

rFire   . . .      SeeInvis +   I - +4 war axe of Hoamixem {venom, *Slow rC+ Int+3}
rCold   + . .      Faith    .   y - +1 kite shield {AC+3}
rNeg    + . .      Spirit   .   b - +0 scale mail
rPois   +          Reflect  .   n - +0 helmet
rElec   .          Harm     .   (no cloak)
rCorr   .          Rampage  .   v - +0 pair of gloves
Will    .....                   (no barding)
Stlth   ..........              (no amulet)
HPRegen 0.21/turn               t - ring of positive energy
MPRegen 0.11/turn               x - ring of poison resistance

@: mighty, lightly drained, curled up
A: large, rugged brown scales 3, see invisible, deformed body, roll 1, armoured
tail, reflexive curl
a: Rolling Charge, Renounce Religion, Recite, Vitalisation, Donate Gold


You were on level 6 of the Dungeon.
You worshipped Zin.
Zin was pleased with you.
You visited 2 branches of the dungeon, and saw 7 of its levels.

You collected 342 gold pieces.
You donated 34 gold pieces to Zin.

Inventory:

Hand Weapons
 a - a +0 war axe
 F - a +2 vorpal mace
 G - the +5 quarterstaff of the Other Side {protect, +Blink rCorr Str+9 Stlth+}
   (You found it on level 5 of the Dungeon)

   It grants its wielder temporary protection when it strikes (+7 to AC).
   Str:       It affects your strength (+9).
   +Blink:    It lets you blink.
   rCorr:     It protects you from acid and corrosion.
   Stlth:     It makes you more stealthy.
 I - the +4 war axe of Hoamixem (weapon) {venom, *Slow rC+ Int+3}
   (You found it on level 5 of the Dungeon)

   It poisons the flesh of those it strikes.
   Int:       It affects your intelligence (+3).
   rC:        It protects you from cold.
   *Slow:     It may slow you when you take damage.
Missiles
 u - a throwing net
Armour
 b - a +0 scale mail (worn)
 c - a +0 buckler
 m - a +1 ring mail of willpower
 n - a +0 helmet (worn)
 v - a +0 pair of gloves (worn)
 y - a +1 kite shield of protection (worn)
Jewellery
 t - a ring of positive energy (left hand)
 x - a ring of poison resistance (right hand)
 H - a ring of fire
 J - a ring of resist corrosion
Wands
 B - a wand of digging (9)
Scrolls
 f - a scroll of silence {unknown}
 g - 3 scrolls of fog {unknown}
 h - a scroll of blinking {unknown}
 i - a scroll of torment
 j - 2 scrolls of teleportation
 l - a scroll of vulnerability
 q - a scroll of brand weapon {unknown}
 s - 3 scrolls of immolation
 w - a scroll of acquirement {unknown}
 E - a scroll of fear {unknown}
 K - a scroll of identify {unknown}
Potions
 e - 3 potions of degeneration {unknown}
 k - 4 potions of lignification {unknown}
 o - 5 potions of curing {unknown}
 p - a potion of resistance {unknown}
 r - a potion of ambrosia {unknown}
 z - a potion of cancellation {unknown}
 A - 2 potions of flight {unknown}
 C - 2 potions of heal wounds {unknown}
 D - 2 potions of mutation {unknown}


   Skills:
 + Level 6.4 Fighting
 - Level 3.7 Axes
 + Level 5.2 Armour
 + Level 5.8 Shields


You had 7 spell levels left.
You didn't know any spells.
Your spell library contained the following spells:

 Spells                   Type           Power      Damage    Failure   Level
 Apportation              Tloc           0%         N/A       87%         1
 Summon Small Mammal      Summ           0%         N/A       87%         1
 Sublimation of Blood     Necr           0%         N/A       95%         2
 Call Canine Familiar     Summ           0%         N/A       99%         3
 Summon Guardian Golem    Hex/Summ       0%         N/A       99%         3
 Hailstorm                Conj/Ice       0%         3d3       100%        4
 Ice Form                 Ice/Tmut       0%         N/A       100%        4
 Petrify                  Tmut/Erth      0%         N/A       100%        4
 Alistair's Intoxication  Tmut/Pois      0%         N/A       100%        5
 Irradiate                Conj/Tmut      0%         3d11      100%        5
 Simulacrum               Ice/Necr       0%         N/A       100%        6
 Orb of Destruction       Conj           0%         9d5       100%        7
 Spellforged Servitor     Conj/Summ      0%         N/A       100%        7


Dungeon Overview and Level Annotations

Branches:
Dungeon (6/15) Zot: 26261  Temple (1/1) D:4 Zot: 5788

Altars:
Cheibriados
Dithmenos
Gozag
Hepliaklqana
Kikubaaqudgha
Qazlal
Trog
Vehumet
Xom
Yredelemnul
Zin

Annotations:
D:5 1 runed translucent door, eelars's ghost, novice TrGl


Innate Abilities, Weirdness & Mutations

You are completely covered in rugged brown scales. (AC +3, +7% HP)
You have supernaturally acute eyesight. (SInv)
Armour fits poorly on your strangely shaped body.
You can roll at nearby foes to attack.
You have a long armoured tail.
You curl defensively after being hit. (AC +7*)


Message History

The wight hits you from afar with a +4 halberd!
You partially resist.
You feel drained.
You barely miss the wight.
The wight hits you from afar with a +4 halberd!
The wight barely misses you. x2; You block the wight's attack.
You slash the wight!
The wight is severely damaged.
The wight hits you from afar with a +4 halberd.
The wight hits you but does no damage.
You slash the wight!
You destroy the wight!
Zin accepts your kill. You block the wight's attack.
The wight closely misses you.
The wight hits you from afar with a +4 halberd!
Your life force feels restored.
You completely miss the wight. The wight barely misses you. x2
You hit the wight but do no damage. You block the wight's attack.
The wight barely misses you. The wight hits you with a +0 battleaxe!
* * * LOW HITPOINT WARNING * * *
You partially resist.
You feel drained. The wight barely misses you.
You hit the wight. You tail-slap the wight.
The wight is moderately damaged.
The wight hits you with a +0 battleaxe.
* * * LOW HITPOINT WARNING * * *
You partially resist.
You feel drained. The wight barely misses you.
You feel very mighty all of a sudden. You block the wight's attack.
The wight hits you from afar with a +4 halberd.
* * * LOW HITPOINT WARNING * * *
You hit the wight but do no damage.
The wight is moderately damaged.
The wight hits you with a +0 battleaxe.
* * * LOW HITPOINT WARNING * * *
You partially resist.
You feel drained. You block the wight's attack.
You hit the wight.
The wight is moderately damaged.
You block the wight's attack. x2; The wight hits you with a +0 battleaxe.
* * * LOW HITPOINT WARNING * * *
The wight hits you from afar with a +4 halberd!
You die...

....###......##
).#.# #.#..#..# ....
....# #.....#.##
z...
#.........#.#..#
.....
..##.##.....#.#
..... #.#.
.#.###...# ...... ..
.. #.#.## #......
.#. .#.
#....##....... .##.
#[....#.†@z.......
)....#.....##z....##
......#### ....##
#.... ....# ....#
#...# .#.. #..# ..
###


You could see 2 wights.

Vanquished Creatures
  Sigmund (D:2)
  A water moccasin (D:6)
  A phantom (D:6)
  A kobold brigand (D:6)
  A bullfrog (D:6)
  2 scorpions
  2 wights (D:6)
  A howler monkey (D:6)
  3 hounds (D:6)
  An orc priest (D:6)
  4 jellies
  4 orc wizards
  8 gnolls
  9 adders
  2 white imps (D:6)
  3 ufetubi
  2 worms
  A dart slug (D:4)
  23 orcs
  10 endoplasms
  3 giant cockroaches
  6 goblins
  6 hobgoblins
  8 jackals
  A quokka (D:5)
  4 ball pythons
  3 bats (D:1)
  7 frilled lizards
  19 kobolds
  3 rats
140 creatures vanquished.

Vanquished Creatures (others)
  2 plants (D:3)
2 creatures vanquished.

Grand Total: 142 creatures vanquished

Notes
Turn   | Place    | Note
-------+----------+-------------------------------------------
     0 | D:1      | Arcadio the Palentonga Fighter began the quest for the Orb.
     0 | D:1      | Reached XP level 1. HP: 19/19 MP: 1/1
    97 | D:1      | Reached XP level 2. HP: 22/25 MP: 2/2
   629 | D:2      | Noticed Sigmund
   658 | D:2      | Reached XP level 3. HP: 23/31 MP: 3/3
   844 | D:2      | Found a faded altar of an unknown god.
  1009 | D:2      | Found a basalt altar of Yredelemnul.
  1144 | D:2      | Killed Sigmund
  1145 | D:2      | Reached skill level 4 in Fighting
  1145 | D:2      | Reached XP level 4. HP: 20/39 MP: 4/4
  1145 | D:2      | Reached XP level 5. HP: 23/44 MP: 5/5
  2156 | D:3      | Reached XP level 6. HP: 23/51 MP: 6/6
  3688 | D:4      | Found a staircase to the Ecumenical Temple.
  3694 | Temple   | Entered the Ecumenical Temple
  3875 | Temple   | Became a worshipper of Zin the Law-Giver
  3875 | Temple   | Reached * piety under Zin
  3977 | D:4      | Found a shimmering altar of Xom.
  4444 | D:5      | Entered Level 5 of the Dungeon
  4496 | D:5      | Identified the +5 quarterstaff of the Other Side {protect,
                  | +Blink rCorr Str+9 Stlth+}
  4537 | D:5      | Reached ** piety under Zin
  4818 | D:5      | Gained mutation: You curl defensively after being hit. (AC
                  | +7*) [Palentonga growth]
  4818 | D:5      | Reached XP level 7. HP: 58/58 MP: 7/7
  4836 | D:5      | Found a snail-covered altar of Cheibriados.
  5059 | D:5      | Found a runed translucent door.
  5060 | D:5      | Noticed eelars's ghost (novice TrGl)
  5108 | D:5      | Identified the +4 war axe of Hoamixem {venom, *Slow rC+
                  | Int+3}
  5189 | D:5      | Reached skill level 5 in Fighting
  5354 | D:6      | Reached skill level 5 in Shields
  5377 | D:6      | Reached skill level 6 in Fighting
  5377 | D:6      | Reached XP level 8. HP: 24/68 MP: 8/8
  5608 | D:6      | Reached skill level 5 in Armour
  5987 | D:6      | HP: 3/66 [wight/+0 battleaxe (2)]
  5987 | D:6      | Mangled by a wight

Illustrated notes

Levels and vault maps discovered:
D:1:      minmay_arrival_four_circles, layout_rooms, minmay_misc_feat_iff
D:2:      layout_basic, nicolae_ecumenical_lake_church, basic_altar,
          uniq_sigmund
D:3:      layout_loops_cross, serial_bayou_pond_e, minmay_misc_feat_hallway
D:4:      layout_gridville, tgw_xom, minmay_temple_entry_enclosed_plants,
          supply_closet_lemuel
D:5:      layout_loops_corners, mainiacjoe_overflow_paths,
          ebering_ghost_inner_flame, minmay_misc_feat_columns
D:6:      layout_rooms, gammafunk_temple_overflow_statue,
          minmay_fractal_squares_5
Temple:   nicolae_temple_bog_church

Skill      XL: |  1  2  3  4  5  6  7  8 |
---------------+-------------------------+-----
Shields        | 3 4 5 |  5.8
Fighting       | 4 6 |  6.4
Axes           | 3 |  3.7
Armour         | 3 4 5 |  5.2

Action                   |  1- 3 |  4- 6 |  7- 9 || total
-------------------------+-------+-------+-------++-------
Melee: War axe           |    73 |   165 |    81 ||   319
       Tailslap          |     5 |    22 |    16 ||    43
       Quarterstaff      |       |    11 |     7 ||    18
 Abil: Rolling Charge    |     8 |     4 |     3 ||    15
  Use: Scroll            |       |     3 |     1 ||     4
       Potion            |       |       |     1 ||     1
Armor: Scale mail        |    28 |   112 |    60 ||   200
Dodge: Dodged            |    30 |    55 |    39 ||   124
Block: Buckler           |    23 |    32 |       ||    55
       Kite shield       |       |    10 |    52 ||    62
